 Dungeon Crawl Stone Soup version 0.23-a0-641-g0a7f1ce553 (webtiles) character file.

961 HereIgoKillingAgain the Insei (level 8, -1/51 (52) HPs)
             Began as an Octopode Transmuter on Dec 30, 2018.
             Was an Initiate of Ashenzari.
             Killed by divine providence
             ... invoked by an orc priest
              (14 damage)
             ... on level 6 of the Dungeon.
             The game lasted 00:07:54 (6121 turns).

HereIgoKillingAgain the Insei (Octopode Transmuter) Turns: 6121, Time: 00:07:55

HP:   -1/51 (52)    AC:  1    Str: 13    XL:     8   Next: 15%
MP:   11/14         EV: 15    Int: 17    God:    Ashenzari [......]
Gold: 232           SH:  0    Dex: 12    Spells: 12/15 levels left

rFire    . . .     SeeInvis +     - Unarmed
rCold    + . .     Gourm    .   (no shield)
rNeg     . . .     Faith    .   (helmet restricted)
rPois    .         Spirit   .   (no amulet)
rElec    .         Reflect  .   q - +3 ring of strength
rCorr    .         Harm     .   r - ring of protection from cold
MR       .....                  w - ring of see invisible
Stlth    +++.......             (no ring)
HPRegen  0.17/turn              (no ring)
MPRegen  0.14/turn              (no ring)
                                (no ring)
                                (no ring)

@: very slightly contaminated
A: almost no armour, stealthy swim, amphibious, 8 rings, constrict 8, camouflage
1, gelatinous body 1
a: Curse Item, Renounce Religion


You were on level 6 of the Dungeon.
You worshipped Ashenzari.
Ashenzari was noncommittal.
You were not hungry.

You visited 1 branch of the dungeon, and saw 6 of its levels.

You collected 232 gold pieces.

Inventory:

Missiles
 a - 51 arrows
Jewellery
 q - a +3 ring of strength (left tentacle)
 r - a ring of protection from cold (right tentacle)
 w - a ring of see invisible (on tentacle)
 x - an uncursed amulet of magic regeneration
Wands
 u - a wand of scattershot (2)
Scrolls
 g - a scroll of fog
 j - 2 scrolls of remove curse
 k - 2 scrolls of amnesia
 n - a scroll of enchant weapon {unknown}
 s - a scroll of magic mapping
 t - a scroll of identify
Potions
 b - a potion of magic
 d - a potion of berserk rage {unknown}
 e - a potion of ambrosia {unknown}
 f - a potion of cancellation
 h - a potion of might
 i - 2 potions of haste {unknown}
 l - 4 potions of heal wounds {unknown}
 m - a potion of agility {unknown}
 o - a potion of brilliance {unknown}
 p - a potion of mutation {unknown}
 v - 2 potions of flight {unknown}
Comestibles
 c - 8 rations


   Skills:
 - Level 3.4 Fighting
   Level 0.5 Short Blades
 - Level 4.3 Dodging
 - Level 3.1 Stealth
 - Level 5.2 Unarmed Combat
 - Level 4.0 Spellcasting
 - Level 4.2 Transmutations
 + Level 0.0 Evocations


You had 12 spell levels left.
You knew the following spells:

 Your Spells              Type           Power        Failure   Level  Hunger
a - Sticks to Snakes      Tmut           ###.....     4%          2    ##.....
b - Beastly Appendage     Tmut           ###...       2%          1    None

Your spell library contained the following spells:

 Spells                   Type           Power        Failure   Level  Hunger
 Magic Dart               Conj           #...         16%         1    None
 Spider Form              Tmut/Pois      ##........   21%         3    ###....
 Searing Ray              Conj           #.....       24%         2    ##.....
 Dazzling Spray           Conj/Hex       #.....       43%         3    ###....
 Ice Form                 Ice/Tmut       ##......     54%         4    ####...
 Blade Hands              Tmut           ###.......   61%         5    ######.
 Force Lance              Conj/Tloc      #.......     83%         4    ####...
 Fulminant Prism          Conj/Hex       #.........   83%         4    ####...
 Iskenderun's Mystic Bla  Conj           #.......     83%         4    ####...


Dungeon Overview and Level Annotations

Branches:
Dungeon (6/15)
 Temple: D:4-7

Altars:
Ashenzari
Elyvilon
Gozag
Hepliaklqana
Nemelex Xobeh
Okawaru
Wu Jian
Xom


Innate Abilities, Weirdness & Mutations

You cannot wear most types of armour.
You are very stealthy in the water. (Stealth+)
You are amphibious.
You can wear up to eight rings at the same time.
You can use your tentacles to constrict eight enemies at once.
Your skin changes colour to match your surroundings (Stealth+).
Your rubbery body absorbs attacks. (AC +1, EV +1)


Message History

Aiming: Scattershot
Press: ? - help, Shift-Dir - straight line, f - orc priest, p - orc warrior
Aim: an orc priest, wielding a +0 whip The burst of metal fragments hits the orc warrior. x4
The orc warrior is moderately wounded.
Unknown command.
Evoke which item? (* to show all) (? for menu, Esc to quit)
Aiming: Scattershot
Press: ? - help, Shift-Dir - straight line, f/p - orc priest
Aim: an orc priest, wielding a +0 whip The burst of metal fragments hits the orc warrior. x2
The burst of metal fragments hits the orc.
You kill the orc!
The burst of metal fragments hits the orc warrior.
The orc warrior is moderately wounded.
The orc warrior hits you with a +0 scimitar of holy wrath.
* * * LOW HITPOINT WARNING * * *
The orc priest calls down the wrath of Beogh upon you.
Beogh smites you!
You die...

#### ##..## #.>#
#...# #..# ##..##
#..# ##..##
##..########
#...##
###........##.
##...##
##.o.######....
##...###oo###
###.. #....o.###
#.. ##..@###### #
##. ##.#####.##
##.##.
###.####....#
#....#
##...###.....#
##....
.###....##......##
#....
........#........#
#....
....#..#.........#
#...#
...##..#.........#
#### ...
#..#.........#


You could see an orc warrior, an orc priest and 2 orcs.

Vanquished Creatures
  An ice beast (D:5)
  An ogre (D:5)
  A necrophage (D:5)
  2 crimson imps (D:5)
  A hound (D:5)
  2 orc priests
  2 orc wizards
  2 iguanas
  A worker ant (D:4)
  4 adders
  An ooze (D:4)
  An adder skeleton (D:4)
  5 worms
  A dart slug (D:5)
  3 leopard geckos
  16 orcs
  2 giant cockroaches (D:3)
  11 hobgoblins
  2 jackals (D:5)
  A quokka (D:3)
  2 ball pythons
  9 bats
  3 frilled lizards
  8 goblins
  A jackal skeleton (D:5)
  6 kobolds
  A leopard gecko skeleton (D:6)
  2 rats
92 creatures vanquished.

Vanquished Creatures (collateral kills)
  An orc warrior (D:6)
  2 ogres
  A bullfrog (D:6)
  A scorpion (D:4)
  2 worker ants
  A worm (D:2)
  4 orcs
12 creatures vanquished.

Vanquished Creatures (others)
  An adder (D:2)
1 creature vanquished.

Grand Total: 105 creatures vanquished

Notes
Turn   | Place    | Note
-------+----------+-------------------------------------------
     0 | D:1      | HereIgoKillingAgain the Octopode Transmuter began the quest
                  | for the Orb.
     0 | D:1      | Reached XP level 1. HP: 13/13 MP: 3/3
   243 | D:1      | Reached XP level 2. HP: 13/18 MP: 3/5
   704 | D:2      | Reached XP level 3. HP: 11/23 MP: 6/6
  1040 | D:2      | Learned a level 2 spell: Sticks to Snakes
  1198 | D:2      | Reached skill level 1 in Stealth
  1448 | D:2      | Found a white marble altar of Elyvilon.
  1889 | D:3      | Reached XP level 4. HP: 23/28 MP: 7/7
  2370 | D:3      | Reached XP level 5. HP: 19/33 MP: 2/8
  2614 | D:3      | Found an ornate altar of the Wu Jian Council.
  3359 | D:4      | Reached skill level 4 in Unarmed Combat
  3409 | D:4      | Reached XP level 6. HP: 38/39 MP: 5/10
  3493 | D:4      | Found an opulent altar of Gozag.
  3819 | D:5      | Entered Level 5 of the Dungeon
  3850 | D:5      | Noticed an ice beast
  3867 | D:5      | Killed an ice beast
  3932 | D:5      | Reached XP level 7. HP: 8/45 MP: 11/11
  4393 | D:5      | Found the +5 pair of quick blades "Gyre" and "Gimble"
                  | {pierce, Dex-3}
  4432 | D:5      | Found a shattered altar of Ashenzari.
  4548 | D:5      | Became a worshipper of Ashenzari the Shackled
  5044 | D:5      | Reached skill level 5 in Unarmed Combat
  5422 | D:6      | Found a sparkling altar of Nemelex Xobeh.
  5505 | D:6      | Reached XP level 8. HP: 31/51 MP: 2/13
  6021 | D:6      | Found a hazy altar of Hepliaklqana.
  6021 | D:6      | Found a shimmering altar of Xom.
  6022 | D:6      | Found an iron altar of Okawaru.
  6121 | D:6      | Killed from afar by an orc priest

Vault maps used:
D:1:      ebering_trefoil_twist
D:2:      elyvilon_altar_5, lemuel_old_faithful
D:3:      lemuel_doored_altar
D:4:      grunt_gozag_breadcrumbs
D:5:      kennysheep_little_box, first_ration, corexii_item_surrounded_by_moat
D:6:      old_standard_altar, overflow_temple_1_default,
          nemelex_xobeh_ov_fountains_minmay,
          chequers_temple_overflow_statue_of_worship

Skill      XL: |  1  2  3  4  5  6  7  8 |
---------------+-------------------------+-----
Stealth        | 1 3 |  3.1
Dodging        | 3 4 |  4.3
Unarmed Combat | 4 5 |  5.2
Spellcasting   | 3 4 |  4.0
Transmutations | 3 4 |  4.2
Fighting       | 2 3 |  3.4
Short Blades   | |  0.5

Action                   |  1- 3 |  4- 6 |  7- 9 || total
-------------------------+-------+-------+-------++-------
Melee: Unarmed           |    72 |    59 |    72 ||   203
       Constrict         |    26 |    25 |    18 ||    69
       Kick              |     3 |       |       ||     3
       Tentacles         |    17 |    25 |    22 ||    64
       Punch             |     2 |     2 |     1 ||     5
       Dagger            |     8 |    35 |       ||    43
 Cast: Beastly Appendage |     9 |       |     2 ||    11
       Sticks to Snakes  |     3 |    11 |    18 ||    32
Evoke: Wand              |       |       |     5 ||     5
  Use: Scroll            |       |       |    12 ||    12
 Stab: Sleeping          |     8 |     8 |       ||    16
       Distracted        |       |     1 |       ||     1
  Eat: Chunk             |     1 |     3 |     2 ||     6
       Ration            |     1 |     1 |     2 ||     4
Armor: Skin              |    10 |    11 |     4 ||    25
Dodge: Dodged            |    56 |    59 |    45 ||   160

Table legend:
 A = Non-vault XP
 B = Vault XP
 C = Vault XP percentage of total XP
 D = Non-vault monster count
 E = Vault monster count
 F = Vault count percentage of total count
                 A         B        C        D         E       F
            +---------+---------+-------+---------+---------+-------
      Total |    1374 |       0 |   0.0 |     104 |       0 |   0.0
            +---------+---------+-------+---------+---------+-------
        D:1 |      19 |       0 |   0.0 |      14 |       0 |   0.0
        D:2 |      73 |       0 |   0.0 |      23 |       0 |   0.0
        D:3 |      92 |       0 |   0.0 |      25 |       0 |   0.0
        D:4 |     257 |       0 |   0.0 |      11 |       0 |   0.0
        D:5 |     644 |       0 |   0.0 |      14 |       0 |   0.0
        D:6 |     289 |       0 |   0.0 |      17 |       0 |   0.0
            +---------+---------+-------+---------+---------+-------
